XFBL
BALTIMORE ORIOLES @ TORONTO BLUE JAYS
03/01/1982
 
TOP OF THE 1ST
Baltimore Orioles batting - Pitching for Toronto Blue Jays : RHP Storm Davis
Pitching: RHP Storm Davis
Batting: SHB Willie McGee 0-0: Fly out, F6 (Flyball, 5D, EV 81.9 MPH)
Batting: SHB Johnny Ray 0-0: SINGLE (Line Drive, 34D, EV 97.5 MPH)
Batting: LHB Dave Parker 0-0: Called Strike
0-1: Ball
1-1: Ball
2-1: Fly out, F5 (Popup, 56, EV 77.5 MPH)
Batting: RHB Dwight Evans 0-0: Called Strike
0-1: Foul Ball, location: 2F
0-2: Foul Ball, location: 2F
0-2: Ball
Johnny Ray steals 2nd base
1-2: Ball
2-2: Ball
3-2: Base on Balls
Batting: LHB Fred Lynn 0-0: Fielders Choice at 2nd, 5-4 (Groundball, 56, EV 91.3 MPH)
Top of the 1st over - 0 runs, 1 hit, 0 errors, 2 left on base; Baltimore 0 - Toronto 0
BOTTOM OF THE 1ST
Toronto Blue Jays batting - Pitching for Baltimore Orioles : RHP Don Robinson
Pitching: RHP Don Robinson
Batting: LHB Sheldon Mallory 0-0: Bunt for hit to 3S - play at first, batter OUT! 3-4
Batting: RHB Jose Gonzalez 0-0: Called Strike
0-1: Fly out, F2 (Popup, 15S, EV 90.6 MPH)
Batting: RHB Andres Galarraga 0-0: Ball
1-0: Ball
2-0: Ground out 6-3 (Groundball, 6, EV 78.1 MPH)
Bottom of the 1st over - 0 runs, 0 hits, 0 errors, 0 left on base; Baltimore 0 - Toronto 0
TOP OF THE 2ND
Baltimore Orioles batting - Pitching for Toronto Blue Jays : RHP Storm Davis
Batting: SHB Steve R Ontiveros 0-0: Ball
1-0: Foul Ball, location: 2F
1-1: Called Strike
1-2: Ball
2-2: Foul Ball, location: 2F
2-2: Ground out U3 (Groundball, 3, EV 108.1 MPH)
Batting: RHB Matt Rice 0-0: Ball
1-0: Called Strike
1-1: Ball
2-1: Foul Ball, location: 2F
2-2: Ball
3-2: Ground out 5-3 (Groundball, 56, EV 85.0 MPH)
Batting: RHB Jim Sundberg 0-0: Called Strike
0-1: Ball
1-1: Ball
2-1: Ball
3-1: Foul Ball, location: 2F
3-2: Foul Ball, location: 2F
3-2: Fly out, F5 (Flyball, 56D, EV 95.6 MPH)
Top of the 2nd over - 0 runs, 0 hits, 0 errors, 0 left on base; Baltimore 0 - Toronto 0
BOTTOM OF THE 2ND
Toronto Blue Jays batting - Pitching for Baltimore Orioles : RHP Don Robinson
Batting: RHB Juan Monasterio 0-0: Ball
1-0: Fly out, F9 (Line Drive, 8RM, EV 95.0 MPH)
Batting: LHB Darryl Strawberry 0-0: Foul Ball, location: 2F
0-1: Ball
1-1: Ball
2-1: Ball
3-1: Foul Ball, location: 2F
3-2: Base on Balls
Batting: RHB Cal Ripken 0-0: Ball
Darryl Strawberry is caught stealing 2nd base 2-4
1-0: Called Strike
1-1: Ball
2-1: Ball
3-1: Swinging Strike
3-2: Foul Ball, location: 2F
3-2: Strikes out swinging
Bottom of the 2nd over - 0 runs, 0 hits, 0 errors, 0 left on base; Baltimore 0 - Toronto 0
TOP OF THE 3RD
Baltimore Orioles batting - Pitching for Toronto Blue Jays : RHP Storm Davis
Batting: RHB Garth Iorg 0-0: Called Strike
0-1: Fly out, F8 (Line Drive, 8RM, EV 99.4 MPH)
Batting: SHB Willie McGee 0-0: Fly out, F8 (Flyball, 78D, EV 89.4 MPH)
Batting: SHB Johnny Ray 0-0: Ball
1-0: Called Strike
1-1: Ball
2-1: Foul Ball, location: 2F
2-2: Foul Ball, location: 2F
2-2: Fly out, F2 (Popup, 15S, EV 85.0 MPH)
Top of the 3rd over - 0 runs, 0 hits, 0 errors, 0 left on base; Baltimore 0 - Toronto 0
BOTTOM OF THE 3RD
Toronto Blue Jays batting - Pitching for Baltimore Orioles : RHP Don Robinson
Batting: LHB Manny Leal 0-0: Called Strike
0-1: Ball
1-1: Swinging Strike
1-2: Foul Ball, location: 2F
1-2: Fly out, F7 (Flyball, 78D, EV 89.4 MPH)
Batting: RHB Fritzie Connally 0-0: Ball
1-0: Called Strike
1-1: DOUBLE (Flyball, 89XD, EV 108.8 MPH)
Batting: SHB Harold Reynolds 0-0: Ball
1-0: Ball
2-0: Ball
3-0: Called Strike
3-1: Foul Ball, location: 2F
3-2: Base on Balls
Batting: LHB Sheldon Mallory 0-0: Ball
1-0: Ball
2-0: Ball
3-0: Called Strike
3-1: SINGLE (Line Drive, 34, EV 96.9 MPH)
Fritzie Connally to third
Harold Reynolds to second
Batting: RHB Jose Gonzalez 0-0: Swinging Strike
0-1: Fielders Choice at 2nd, 3-6 (Groundball, 13, EV 83.1 MPH)
Fritzie Connally scores
Harold Reynolds to third
Batting: RHB Andres Galarraga 0-0: Fielders Choice at 2nd, 6-4 (Groundball, 6, EV 92.5 MPH)
Bottom of the 3rd over - 1 run, 2 hits, 0 errors, 2 left on base; Baltimore 0 - Toronto 1
TOP OF THE 4TH
Baltimore Orioles batting - Pitching for Toronto Blue Jays : RHP Storm Davis
Batting: LHB Dave Parker 0-0: Ball
1-0: Called Strike
1-1: Ground out 4-3 (Groundball, 4, EV 82.5 MPH)
Batting: RHB Dwight Evans 0-0: Ball
1-0: Ball
2-0: Ball
3-0: Base on Balls
Batting: LHB Fred Lynn 0-0: Called Strike
0-1: Ball
1-1: Ball
2-1: Foul Ball, location: 2F
2-2: Strikes out swinging
Batting: SHB Steve R Ontiveros 0-0: Called Strike
0-1: Ball
1-1: Ball
2-1: Called Strike
2-2: Ball
3-2: Fly out, F7 (Flyball, 7LS, EV 80.0 MPH)
Top of the 4th over - 0 runs, 0 hits, 0 errors, 1 left on base; Baltimore 0 - Toronto 1
BOTTOM OF THE 4TH
Toronto Blue Jays batting - Pitching for Baltimore Orioles : RHP Don Robinson
Batting: RHB Juan Monasterio 0-0: Ground out 5-3 (Groundball, 56, EV 98.1 MPH)
Batting: LHB Darryl Strawberry 0-0: Called Strike
0-1: Foul Ball, location: 2F
0-2: Hit by Pitch
Batting: RHB Cal Ripken 0-0: Ball
Darryl Strawberry steals 2nd base
1-0: Foul Ball, location: 2F
1-1: Ball
2-1: Ball
3-1: Fly out, F9 (Flyball, 9S, EV 80.6 MPH)
Batting: LHB Manny Leal 0-0: Ground out 6-3 (Groundball, P, EV 83.1 MPH)
Bottom of the 4th over - 0 runs, 0 hits, 0 errors, 1 left on base; Baltimore 0 - Toronto 1
TOP OF THE 5TH
Baltimore Orioles batting - Pitching for Toronto Blue Jays : RHP Storm Davis
Pitching: RHP Ramon Mendoza
Batting: RHB Matt Rice 0-0: Called Strike
0-1: Foul Ball, location: 2F
0-2: Ball
1-2: Strikes out swinging
Batting: RHB Jim Sundberg 0-0: Called Strike
0-1: Reached via error on a dropped throw from 1B, E1 (Groundball, 34S, EV 89.4 MPH)
Batting: RHB Garth Iorg 0-0: Ball
1-0: Foul Ball, location: 2F
1-1: Fly out, F8 (Flyball, 8RM, EV 96.3 MPH)
Batting: SHB Willie McGee 0-0: Called Strike
0-1: Fly out, F8 (Flyball, 8LD, EV 78.1 MPH)
Top of the 5th over - 0 runs, 0 hits, 1 error, 1 left on base; Baltimore 0 - Toronto 1
BOTTOM OF THE 5TH
Toronto Blue Jays batting - Pitching for Baltimore Orioles : RHP Don Robinson
Pitching: RHP Dave Patterson
Batting: RHB Fritzie Connally 0-0: Ball
1-0: Ball
2-0: Ball
3-0: Called Strike
3-1: Ground out 6-3 (Groundball, 56D, EV 90.0 MPH)
Batting: SHB Harold Reynolds 0-0: DOUBLE (Flyball, 8RD, EV 93.1 MPH)
Batting: LHB Sheldon Mallory 0-0: Ball
1-0: Ball
2-0: Called Strike
2-1: Foul Ball, location: 2F
2-2: 2-RUN HOME RUN (Line Drive, 9LD, EV 111.3 MPH), Distance : 384 ft
Batting: RHB Jose Gonzalez 0-0: Ball
1-0: Foul Ball, location: 2F
1-1: Ball
2-1: Ground out 5-3 (Groundball, 5L, EV 83.1 MPH)
Batting: RHB Andres Galarraga 0-0: Ball
1-0: Ball
2-0: SINGLE (Line Drive, 6D, EV 97.5 MPH)
Batting: RHB Juan Monasterio 0-0: Ball
1-0: Fielders Choice at 2nd, 6-4 (Groundball, 6, EV 84.4 MPH)
Bottom of the 5th over - 2 runs, 3 hits, 0 errors, 1 left on base; Baltimore 0 - Toronto 3
TOP OF THE 6TH
Baltimore Orioles batting - Pitching for Toronto Blue Jays : RHP Ramon Mendoza
Batting: SHB Johnny Ray 0-0: Ball
1-0: Ball
2-0: Foul Ball, location: 2F
2-1: Foul Ball, location: 2F
2-2: Ground out 6-3 (Groundball, 6M, EV 103.8 MPH)
Batting: LHB Dave Parker 0-0: Ground out 3-1 (Groundball, 34, EV 77.5 MPH)
Batting: RHB Dwight Evans 0-0: Foul Ball, location: 2F
0-1: Swinging Strike
0-2: Ball
1-2: Ball
2-2: SINGLE (Line Drive, 89S, EV 94.4 MPH)
Batting: LHB Fred Lynn 0-0: Called Strike
0-1: Foul Ball, location: 2F
0-2: Ball
1-2: Ball
2-2: SINGLE (Groundball, 34D, EV 98.1 MPH)
Dwight Evans to second
Runner from 2nd tries for 3rd, SAFE, throw by RF made to third
Batting: SHB Steve R Ontiveros 0-0: Ball
1-0: Ball
2-0: Fly out, F8 (Flyball, 8RS, EV 88.8 MPH)
Top of the 6th over - 0 runs, 2 hits, 0 errors, 2 left on base; Baltimore 0 - Toronto 3
BOTTOM OF THE 6TH
Toronto Blue Jays batting - Pitching for Baltimore Orioles : RHP Dave Patterson
Batting: LHB Darryl Strawberry 0-0: Swinging Strike
0-1: Swinging Strike
0-2: Strikes out swinging
Batting: RHB Cal Ripken 0-0: Called Strike
0-1: Ball
1-1: Ball
2-1: Foul Ball, location: 2F
2-2: Foul Ball, location: 2F
2-2: Foul Ball, location: 2F
2-2: Ball
3-2: Foul Ball, location: 2F
3-2: Ground out 4-3 (Groundball, 4, EV 86.9 MPH)
Batting: LHB Manny Leal 0-0: Ground out 6-3 (Groundball, 6S, EV 71.9 MPH)
Bottom of the 6th over - 0 runs, 0 hits, 0 errors, 0 left on base; Baltimore 0 - Toronto 3
TOP OF THE 7TH
Baltimore Orioles batting - Pitching for Toronto Blue Jays : RHP Ramon Mendoza
Batting: RHB Matt Rice 0-0: Swinging Strike
0-1: Ground out 6-3 (Groundball, 6, EV 83.1 MPH)
Batting: RHB Jim Sundberg 0-0: Called Strike
0-1: Ground out 6-3 (Groundball, 6, EV 93.1 MPH)
Batting: RHB Garth Iorg 0-0: Ball
1-0: Fly out, F8 (Line Drive, 8LD, EV 110.0 MPH)
Top of the 7th over - 0 runs, 0 hits, 0 errors, 0 left on base; Baltimore 0 - Toronto 3
BOTTOM OF THE 7TH
Toronto Blue Jays batting - Pitching for Baltimore Orioles : RHP Dave Patterson
Batting: RHB Fritzie Connally 0-0: Ball
1-0: Ball
2-0: Ball
3-0: Called Strike
3-1: SINGLE (Groundball, 3D, EV 103.8 MPH)
Pitching: RHP Duane Theiss
Batting: SHB Harold Reynolds 0-0: Sac Bunt to P - play at first, batter OUT! 1-3
Fritzie Connally to second
Pinch Hitting: RHB Hubie Brooks 0-0: Swinging Strike
0-1: Foul Ball, location: 2F
0-2: Fly out, F7 (Flyball, 7, EV 90.0 MPH)
Pinch Hitting: LHB Ray Cosey 0-0: Ground out 4-3 (Groundball, 4D, EV 100.6 MPH)
Bottom of the 7th over - 0 runs, 1 hit, 0 errors, 1 left on base; Baltimore 0 - Toronto 3
TOP OF THE 8TH
Baltimore Orioles batting - Pitching for Toronto Blue Jays : RHP Ramon Mendoza
Now in LF: Paul O'Neill
Now in CF: Ray Cosey
Batting: SHB Willie McGee 0-0: Fly out, F8 (Flyball, 8LS, EV 89.4 MPH)
Pinch Hitting: SHB Mike Henderson 0-0: Ball
1-0: Foul Ball, location: 2F
1-1: Called Strike
1-2: Fly out, F8 (Line Drive, 8LM, EV 91.3 MPH)
Pinch Hitting: LHB Mario Delgado 0-0: Ball
1-0: Ball
2-0: Fly out, F8 (Flyball, 8LD, EV 92.5 MPH)
Top of the 8th over - 0 runs, 0 hits, 0 errors, 0 left on base; Baltimore 0 - Toronto 3
BOTTOM OF THE 8TH
Toronto Blue Jays batting - Pitching for Baltimore Orioles : RHP Duane Theiss
Now at 3B: Mike Henderson
Now in CF: Mario Delgado
Batting: RHB Andres Galarraga 0-0: Called Strike
0-1: Foul Ball, location: 2F
0-2: Ground out U3 (Groundball, 34S, EV 78.8 MPH)
Pinch Hitting: RHB Jeremy Nelson 0-0: Ball
1-0: Ball
2-0: Ball
3-0: Base on Balls
Batting: RHB Jim G Wilson 0-0: Ball
1-0: Foul Ball, location: 2F
1-1: Foul Ball, location: 2F
1-2: Grounds into double play, 5-4-3 (Groundball, 56S, EV 78.8 MPH)
Bottom of the 8th over - 0 runs, 0 hits, 0 errors, 0 left on base; Baltimore 0 - Toronto 3
TOP OF THE 9TH
Baltimore Orioles batting - Pitching for Toronto Blue Jays : RHP Ramon Mendoza
Now at 3B: Dave Meier
Batting: RHB Dwight Evans 0-0: Ball
1-0: Called Strike
1-1: Ball
2-1: SINGLE (Groundball, 6MD, EV 101.3 MPH)
Batting: SHB Jordan Ayala 0-0: Ball
1-0: Called Strike
1-1: Foul Ball, location: 2F
1-2: Ball
2-2: Foul Ball, location: 2F
2-2: Ball
3-2: Strikes out looking
Pitching: RHP Burt Nordstrom
Pinch Hitting: SHB Mike Hart 0-0: Fly out, F8 (Flyball, 8RD, EV 90.0 MPH)
Pinch Hitting: LHB Garcia Gutierrez 0-0: Called Strike
0-1: Fielders Choice at 2nd, 6-4 (Groundball, 6, EV 77.5 MPH)
Top of the 9th over - 0 runs, 1 hit, 0 errors, 1 left on base; Baltimore 0 - Toronto 3
Monday, July 13th, 2020 - OOTP Baseball 21.4 Build 63